 Dungeon Crawl Stone Soup version 0.32-a0-12-g7fc57aa741 (webtiles) character file.

Game seed: 8200517327405657940

93 bmb222 the Ruffian (level 4, -1/29 HPs)
             Began as an Octopode Shapeshifter on Jan 14, 2024.
             Slain by a jelly (3 damage)
             ... on level 2 of the Dungeon.
             The game lasted 00:01:13 (1320 turns).

bmb222 the Ruffian (Octopode Shapeshifter)          Turns: 1320, Time: 00:01:14

Health: -1/29      AC: -3    Str: 15    XL:     4   Next: 61%
Magic:  4/4        EV: 13    Int: 12    God:
Gold:   96         SH:  0    Dex: 11    Spells: 3/3 levels left

rFire   + .          .
                       - Unarmed
rCold   . . .        (no shield)
rNeg    + . .        (helmet currently unavailable)
rPois   .            (no amulet)
rElec   .            j - ring of positive energy
rCorr   .            k - ring of wizardry
SInv    .            l - ring of protection from fire
Will    .....        (no ring)
Stlth   +++          (no ring)
HPRegen 0.24/turn    (no ring)
MPRegen 0.09/turn    (no ring)
                     (no ring)

%: wizardry (x1)
@: beast-form, corroded, hasted, very quick
A: beast (slay +1), almost no armour, amphibious, 8 rings, camouflage 1,
gelatinous body 1, (nimble swimmer 1), tentacles
a: Begin Untransformation


You were on level 2 of the Dungeon.
You were a hulking beast.
You visited 1 branch of the dungeon, and saw 2 of its levels.

You collected 96 gold pieces.

Inventory:

Jewellery
 j - a ring of positive energy (left tentacle)
 k - a ring of wizardry (right tentacle)
 l - a ring of protection from fire (on tentacle)
Talismans
 b - a beast talisman
 c - a flux talisman
Scrolls
 e - 2 scrolls of enchant armour
 f - a scroll of silence {unknown}
 h - 2 scrolls of teleportation {unknown}
 i - a scroll of vulnerability {unknown}
Potions
 a - a potion of lignification


   Skills:
 + Level 2.0 Fighting
 + Level 2.7 Dodging
 + Level 2.4 Stealth
 + Level 3.5 Unarmed Combat
 + Level 3.4 Shapeshifting


You had 3 spell levels left.
You didn't know any spells.
Your spell library contained the following spells:

 Spells                   Type           Power      Damage    Failure   Level
 Cigotuvi's Dreadful Rot  Necr/Alch/Air  0%         N/A       21%         2
 Dispel Undead            Necr           0%         3d6       75%         4
 Martyr's Knell           Necr/Summ      0%         N/A       75%         4
 Death Channel            Necr           0%         N/A       100%        6


Dungeon Overview and Level Annotations

Branches:
Dungeon (2/15)

Altars:
Ashenzari
Dithmenos
Elyvilon
Sif Muna
Trog


Innate Abilities, Weirdness & Mutations

You are a hulking beast.
Your limbs bulge with bestial killing power. (Slay +1)
You cannot wear most types of armour.
You are amphibious.
You can wear up to eight rings at the same time.
Your skin changes colour to match your surroundings (Stealth+).
Your rubbery body absorbs attacks. (AC +1, EV +1)
((You are camouflaged when in or above water. (Stealth+)))
You have tentacles for arms and can constrict up to eight enemies at once.


Message History

You tentacle-slap the jelly.
Your tentacles burn!
The jelly is moderately wounded.
The jelly misses you. The endoplasm hits you.
There are monsters nearby!
You tentacle-slap the jelly.
Your tentacles burn!
The jelly is heavily wounded.
The jelly quivers.
The jelly closely misses you. The endoplasm freezes you.
You are frozen.
You tentacle-slap the jelly.
Your tentacles burn!
You squeeze the jelly.
You kill the jelly!
The endoplasm quivers.
The endoplasm hits you.
Your Fighting skill increases to level 2!
You are too injured to fight recklessly!
Unknown command.
The endoplasm quivers.
The endoplasm closely misses you.
The endoplasm quivers.
The endoplasm hits the toadstool.
The toadstool is destroyed!
There is an open door here.
The endoplasm hits the fungus.
The fungus begins to die.
Things that are here:
a +0 club; 2 stones; a kobold corpse There's a creature in the doorway!
There are monsters nearby!
As you read the scroll labelled KIEJYID PACIM, it crumbles to dust.
It is a scroll of identify.
e - 2 scrolls of enchant armour The endoplasm hits the fungus.
The fungus begins to die.
The jelly hits you.
* * * LOW HITPOINT WARNING * * *
The acid corrodes you!
You are splashed with acid!
* * * LOW HITPOINT WARNING * * *
The endoplasm hits the fungus.
Okay, then.
It was a potion of haste.
You feel yourself speed up.
Something hits the fungus.
The endoplasm hits the fungus.
The jelly hits you.
You die...

###############........
!.J÷....J##....##..##.#
J÷..._...#####.....##..
..._.....# ####..##..
...P..J.÷# ##......#
.P._._.PJ# ###......##
..÷_._.PJ####.....##.#
#######J###...#.####.#
##.....h##
#..##.####.##
#.########
#............
##..'..(.#
#.........##.
####....###.....†...##.
#.......##..........##.
#.......##..........###
#.......##..........#
#.......##........<.# #
##.))).###..........###


You could see a jelly and 3 endoplasms.

Vanquished Creatures
  A jelly (D:2)
  An adder (D:2)
  A dart slug (D:2)
  2 endoplasms
  2 giant cockroaches
  2 goblins (D:1)
  9 hobgoblins
  4 jackals
  10 kobolds
  3 quokkas (D:1)
  3 ball pythons
  4 bats
  2 frilled lizards
  3 rats
47 creatures vanquished.

Notes
Turn   | Place    | Note
-------+----------+-------------------------------------------
     0 | D:1      | bmb222 the Octopode Shapeshifter began the quest for the
                  | Orb.
     0 | D:1      | Reached XP level 1. HP: 13/13 MP: 1/1
    46 | D:1      | Reached XP level 2. HP: 9/18 MP: 2/2
   188 | D:1      | Reached skill level 1 in Stealth
   355 | D:1      | Found a faded altar of an unknown god.
   509 | D:1      | Reached XP level 3. HP: 20/23 MP: 3/3
  1263 | D:2      | Reached XP level 4. HP: 28/29 MP: 4/4
  1308 | D:2      | Found a broken altar of Ashenzari.
  1308 | D:2      | Found a shadowy altar of Dithmenos.
  1308 | D:2      | Found a bloodstained altar of Trog.
  1308 | D:2      | Found a shimmering blue altar of Sif Muna.
  1308 | D:2      | Found a white marble altar of Elyvilon.
  1308 | D:2      | Found a shadowy altar of Dithmenos.
  1319 | D:2      | HP: 1/29 [acid (7)]
  1320 | D:2      | Slain by a jelly

Illustrated notes

Levels and vault maps discovered:
D:1:      dpeg_arrival_morbid_curiosity, layout_basic,
          shapermc_ecumenical_altar_mp_highgroup
D:2:      cheibrodos_fertilizer, layout_rooms

Skill      XL: |  1  2  3  4 |
---------------+-------------+-----
Stealth        | 1 2 |  2.4
Fighting       | 2 |  2.0
Dodging        | |  2.7
Unarmed Combat | |  3.5
Shapeshifting  | |  3.4

Action                     |  1- 3 |  4- 6 || total
---------------------------+-------+-------++-------
  Melee: Unarmed           |    77 |     9 ||    86
         Constrict         |    21 |     2 ||    23
         Tentacles         |    12 |     1 ||    13
         Punch             |     2 |       ||     2
    Use: Scroll            |       |     1 ||     1
         Potion            |       |     1 ||     1
   Stab: Sleeping          |    12 |     2 ||    14
 Armour: Skin              |    26 |     5 ||    31
  Dodge: Dodged            |    36 |     9 ||    45

Table legend: (Time is in decaauts)
 A = Elapsed time spent in this place.
 B = Non-inter-level travel time spent in this place.
 C = Inter-level travel time spent in this place.
 D = Time resting spent in this place.
 E = Time spent auto-exploring this place.
 F = Levels seen in this place.
 G = Mean time per level.
                   A        B        C        D        E       F      G
               +--------+--------+--------+--------+--------+-----+--------+
         Total |   1313 |   1270 |     43 |      0 |    999 |   2 |  656.5 |
       Dungeon |   1313 |   1270 |     43 |      0 |    999 |   2 |  656.5 |
               +--------+--------+--------+--------+--------+-----+--------+

Top non-repeatable levels by time:
     D:1: 1005 daAuts
     D:2: 308 daAuts
